 Dungeon Crawl Stone Soup version 0.28.0-43-g3370ac3207 (webtiles) character file.

Game seed: 1900646075602040059

17871 pkoi the Martial Artist (level 11, -2/89 HPs)
             Began as a Demigod Gladiator on Mar 27, 2022.
             Succumbed to a black mamba's poison
             ... on level 3 of the Lair of Beasts.
             The game lasted 00:30:02 (25370 turns).

pkoi the Martial Artist (Demigod Gladiator)        Turns: 25370, Time: 00:30:03

Health: -2/89      AC: 11    Str: 19    XL:     11   Next: 96%
Magic:  4/19       EV: 13    Int: 14    God:
Gold:   913        SH:  0    Dex: 19    Spells: 11/16 levels left

rFire   . . .      SeeInvis .     - Unarmed
rCold   + . .      Faith    .   (no shield)
rNeg    . . .      Spirit   +   K - +0 robe
rPois   .          Reflect  .   b - +1 helmet
rElec   .          Harm     .   y - +0 cloak
rCorr   .          Rampage  .   G - +1 pair of gloves
Will    +....                   (no boots)
Stlth   ++........              n - amulet of guardian spirit
HPRegen 0.24/turn               z - +4 ring of protection
MPRegen 0.16/turn               t - ring of protection from cold

@: lethally poisoned (-2 -> -31), slowed, very slow
A: high MP 1, forlorn, divine attributes
a: no special abilities


You were on level 3 of the Lair of Beasts.
You visited 3 branches of the dungeon, and saw 14 of its levels.
You also visited: Bailey and Gauntlet.

You collected 913 gold pieces.

Inventory:

Hand Weapons
 i - a +4 short sword of protection
 l - a +1 vorpal hand axe
 p - a +2 mace of draining
 F - a +2 short sword of freezing
Missiles
 c - 6 throwing nets
 m - 34 poisoned darts (quivered)
Armour
 b - a +1 helmet (worn)
 y - a +0 cloak (worn)
 A - a +0 ring mail of cold resistance
 G - a +1 pair of gloves (worn)
 K - a +0 robe (worn)
Jewellery
 j - a ring of see invisible
 n - an amulet of guardian spirit (around neck)
 t - a ring of protection from cold (right hand)
 v - a ring of ice
 w - an amulet of the acrobat
 x - a ring of poison resistance
 z - a +4 ring of protection (left hand)
 B - a +6 ring of strength
 L - a ring of flight
Wands
 d - a wand of iceblast (20)
 E - a wand of mindburst (5)
 H - a wand of acid (5)
 J - a wand of polymorph (6)
Scrolls
 q - 4 scrolls of amnesia
 s - a scroll of enchant armour
 u - a scroll of identify
 C - 2 scrolls of teleportation
Potions
 a - a potion of attraction
 e - 3 potions of flight
 f - a potion of magic
 g - 4 potions of ambrosia
 h - a potion of brilliance
 k - 7 potions of curing
 o - a potion of berserk rage
 r - a potion of might
 I - 2 potions of heal wounds


   Skills:
 + Level 6.0 Fighting
 - Level 1.7 Throwing
 - Level 3.0 Armour
 - Level 3.0 Dodging
 - Level 1.1 Stealth
 * Level 13.6 Unarmed Combat
 - Level 3.3 Spellcasting
 + Level 5.0 Hexes
 + Level 3.5 Air Magic
 + Level 3.5 Poison Magic
 - Level 7.0 Evocations


You had 11 spell levels left.
You knew the following spells:

 Your Spells              Type           Power      Damage    Failure   Level
a - Confusing Touch       Hex            16%        N/A       8%          3
b - Poisonous Vapours     Pois/Air       24%        N/A       8%          2

Your spell library contained the following spells:

 Spells                   Type           Power      Damage    Failure   Level
 Slow                     Hex            64%        N/A       2%          1
 Corpse Rot               Necr/Air       14%        N/A       16%         2
 Static Discharge         Conj/Air       7%         N/A       16%         2
 Freeze                   Ice            8%         1d3       21%         1
 Portal Projectile        Hex/Tloc       18%        N/A       22%         3
 Summon Guardian Golem    Hex/Summ       9%         N/A       22%         3
 Call Canine Familiar     Summ           2%         N/A       52%         3
 Frozen Ramparts          Ice            4%         1d2       52%         3
 Vampiric Draining        Necr           2%         2d6       52%         3
 Leda's Liquefaction      Hex/Erth       4%         N/A       58%         4
 Dispel Undead            Necr           2%         3d7       90%         4
 Hailstorm                Conj/Ice       2%         3d3       90%         4
 Sticky Flame             Conj/Fire      2%         2d3       90%         4
 Orb of Destruction       Conj           1%         9d5       100%        7
 Spellforged Servitor     Conj/Summ      1%         N/A       100%        7


Dungeon Overview and Level Annotations

Branches:
Dungeon (10/15)            Temple (1/1) D:6            Lair (3/6) D:10
  Swamp (0/4) Lair:2       Spider (0/4) Lair:3          Orc (0/2) D:10
 Bailey (visited)         Gauntlet (visited)

Annotations:
D:3 3 runed translucent doors, DemonSlayer's ghost, amateur DsFE; Duder's ghost, amateur MiBe; Icepheonix32's ghost, amateur SpEn; Kazon's ghost, amateur PaFi; Zeor's ghost, amateur VSEn
D:8 2 transporters


Innate Abilities, Weirdness & Mutations

You have an increased reservoir of magic. (+10% MP)
You shall have no god before yourself.
Your divine heritage dramatically boosts your attributes as you level up.


Message History

You punch the black mamba! x2
The black mamba is severely wounded.
The black mamba barely misses you. The yak gores you.
* * * LOW HITPOINT WARNING * * *
The torpor snail barely misses you. The black mamba barely misses you.
You hit the black mamba but do no damage.
The black mamba is severely wounded.
The black mamba closely misses you. The yak closely misses you.
The torpor snail bites you.
* * * LOW HITPOINT WARNING * * *
The black mamba bites you!
* * * LOW HITPOINT WARNING * * *
You are poisoned.
The black mamba poisons you!
You closely miss the black mamba.
The black mamba is severely wounded.
You feel extremely sick. The black mamba bites you!
* * * LOW HITPOINT WARNING * * *
The black mamba bites you!
* * * LOW HITPOINT WARNING * * *
As you read the scroll of teleportation, it crumbles to dust.
You feel strangely unstable.
You feel very sick. The black mamba misses you.
The yak gores you but does no damage. The yak gores you.
* * * LOW HITPOINT WARNING * * *
The torpor snail bites you.
* * * LOW HITPOINT WARNING * * *
The black mamba bites you!
* * * LOW HITPOINT WARNING * * *
You are more poisoned.
The black mamba poisons you! The yak completely misses you.
Unknown command.
As you read the scroll of fear, it crumbles to dust.
You assume a fearsome visage.
The black mamba looks frightened!
The torpor snail looks frightened!
The yak looks frightened! x2
Your surroundings suddenly seem different.
Found a stone staircase leading down.
You die...

## ######### #.# ##
.#....#.#######.###.####
.....^..................
........................
................@.......
........................
........................
........................
........................
......................>.
###รท........#######.####
##.........## ##
#.........##


There were no monsters in sight!

Vanquished Creatures
  A boulder beetle (D:9)
  A catoblepas (Lair:2)
  A two-headed ogre (D:8)
  Pikel (D:7)
  Maurice (D:8)
  An elephant (Lair:2)
  3 black mambas
  A gargoyle (D:10)
  5 cane toads
  2 komodo dragons
  2 polar bears
  Prince Ribbit (D:5)
  A troll (D:10)
  10 blink frogs
  A shadow (D:9)
  A vampire (D:10)
  3 yaks (D:6)
  A wyvern (Lair:2)
  Sigmund (D:5)
  3 wraiths
  2 basilisks
  A redback (Lair:3)
  2 steam dragons
  2 acid dragons
  6 water moccasins
  3 orc warriors
  An ice beast (D:7)
  4 sky beasts
  A black bear (Lair:1)
  2 necrophages
  11 wolves (Lair:1)
  An ogre (D:4)
  5 centaurs
  2 lemures (D:7)
  Blork the orc (D:4)
  4 kobold brigands (D:8)
  10 bullfrogs
  2 scorpions (D:5)
  3 gnoll sergeants
  A wyvern zombie (D:8)
  A water moccasin skeleton (D:4)
  3 killer bees
  9 wights
  A howler monkey (D:4)
  8 electric eels
  3 bullfrog zombies
  3 centaur zombies
  5 hounds
  A gnoll shaman (D:6)
  4 orc priests
  A bullfrog skeleton (D:6)
  Crazy Yiuf (D:5)
  Ijyb (D:4)
  4 iguanas
  2 centaur skeletons
  5 orc wizards
  2 killer bee zombies
  Robin (D:1)
  11 gnolls
  4 adders
  2 white imps
  An ufetubus (D:5)
  2 worms
  29 orcs
  9 ball pythons
  3 endoplasms (D:1)
  A giant cockroach (D:2)
  8 goblins (D:2)
  10 hobgoblins
  5 jackals
  2 quokkas
  10 bats
  2 frilled lizards (D:3)
  27 kobolds
  5 rats
291 creatures vanquished.

Vanquished Creatures (others)
  3 gnolls (D:7)
  12 fungi (Lair:2)
  13 plants
28 creatures vanquished.

Grand Total: 319 creatures vanquished

Notes
Turn   | Place    | Note
-------+----------+-------------------------------------------
     0 | D:1      | pkoi the Demigod Gladiator began the quest for the Orb.
     0 | D:1      | Reached XP level 1. HP: 17/17 MP: 3/3
    62 | D:1      | Reached skill level 3 in Unarmed Combat
   310 | D:1      | Reached XP level 2. HP: 24/24 MP: 4/4
  1131 | D:2      | Noticed Robin
  1174 | D:1      | Killed Robin
  1175 | D:1      | Reached XP level 3. HP: 15/30 MP: 5/5
  1775 | D:2      | Reached skill level 4 in Unarmed Combat
  2213 | D:3      | Reached XP level 4. HP: 37/37 MP: 6/6
  2533 | D:3      | Found a runed translucent gate.
  2534 | D:3      | Found a runed translucent gate.
  2534 | D:3      | Found a runed translucent gate.
  2535 | D:3      | Noticed Kazon's ghost (amateur PaFi)
  2535 | D:3      | Noticed Zeor's ghost (amateur VSEn)
  2535 | D:3      | Noticed DemonSlayer's ghost (amateur DsFE)
  2535 | D:3      | Noticed Duder's ghost (amateur MiBe)
  2535 | D:3      | Noticed Icepheonix32's ghost (amateur SpEn)
  2939 | D:4      | Noticed Ijyb
  2948 | D:4      | Reached XP level 5. HP: 41/45 MP: 7/7
  2970 | D:4      | Reached skill level 5 in Unarmed Combat
  3320 | D:4      | Noticed an ogre
  3323 | D:4      | Killed an ogre
  3456 | D:4      | Reached XP level 6. HP: 50/52 MP: 8/8
  3568 | D:4      | Noticed Blork the orc
  3578 | D:4      | Killed Blork the orc
  3796 | D:4      | Reached skill level 6 in Unarmed Combat
  3979 | D:4      | Killed Ijyb
  4222 | D:5      | Entered Level 5 of the Dungeon
  4380 | D:5      | Reached skill level 1 in Evocations
  4380 | D:5      | Reached XP level 7. HP: 32/60 MP: 5/9
  4863 | D:5      | Noticed Prince Ribbit
  4871 | D:5      | Killed Prince Ribbit
  4872 | D:5      | Reached skill level 7 in Unarmed Combat
  5031 | D:5      | Learned a level 3 spell: Confusing Touch
  5365 | D:5      | Reached skill level 8 in Unarmed Combat
  5559 | D:5      | Noticed Sigmund
  5570 | D:5      | Killed Sigmund
  5571 | D:5      | Reached XP level 8. HP: 67/67 MP: 10/10
  5628 | D:5      | Found a runed translucent door.
  5629 | D:5      | Noticed Crazy Yiuf
  5642 | D:5      | Killed Crazy Yiuf
  6071 | D:6      | Reached skill level 9 in Unarmed Combat
  6187 | D:6      | Reached skill level 1 in Armour
  7186 | D:6      | Reached skill level 5 in Fighting
  7366 | D:6      | Found a staircase to the Ecumenical Temple.
  7569 | Temple   | Entered the Ecumenical Temple
  8228 | D:7      | Reached XP level 9. HP: 72/74 MP: 11/11
  8694 | D:7      | Noticed Pikel
  9023 | D:7      | Noticed a +0 spear
  9024 | D:7      | Noticed a +0 short sword
  9024 | D:7      | Noticed a +0 falchion
  9024 | D:7      | Noticed a +0 spear
  9025 | D:7      | Noticed a +0 short sword
  9339 | D:7      | Noticed a +0 dagger
  9381 | D:7      | Noticed a +0 dagger
  9832 | D:7      | Noticed a +0 falchion
  9892 | D:7      | Killed Pikel
  9893 | D:7      | Reached skill level 10 in Unarmed Combat
 10466 | D:8      | Noticed Maurice
 10494 | D:8      | Killed Maurice
 10540 | D:8      | Reached skill level 5 in Evocations
 11463 | D:8      | Noticed a two-headed ogre
 11475 | D:8      | Killed a two-headed ogre
 11476 | D:8      | Reached skill level 11 in Unarmed Combat
 11476 | D:8      | Reached XP level 10. HP: 21/83 MP: 13/13
 11967 | D:8      | Found a transporter.
 12173 | D:8      | Found a transporter.
 12650 | D:9      | Noticed a boulder beetle
 12664 | D:9      | Killed a boulder beetle
 12665 | D:9      | Reached skill level 1 in Spellcasting
 12665 | D:9      | Reached skill level 1 in Hexes
 13905 | D:9      | Reached skill level 12 in Unarmed Combat
 14484 | D:10     | Entered Level 10 of the Dungeon
 14820 | D:10     | Found a flagged portal.
 14821 | D:10     | Found a staircase to the Orcish Mines.
 14841 | Bailey   | Entered a bailey
 15396 | D:10     | Found a staircase to the Lair.
 16414 | Lair:1   | Entered Level 1 of the Lair of Beasts
 16422 | Lair:1   | Reached XP level 11. HP: 89/89 MP: 18/18
 16512 | Lair:1   | Found a gate leading to a gauntlet.
 16564 | Gauntlet | Entered a Gauntlet
 16564 | Gauntlet | Found a transporter.
 16745 | Gauntlet | Found a transporter.
 16748 | Gauntlet | Found a transporter.
 16749 | Gauntlet | Found a transporter.
 16755 | Gauntlet | Found a runed translucent gate.
 16757 | Gauntlet | Found a transporter.
 16758 | Gauntlet | Found a runed translucent gate.
 16759 | Gauntlet | Found a runed translucent gate.
 16760 | Gauntlet | Found a transporter.
 16761 | Gauntlet | Found a transporter.
 16768 | Gauntlet | Noticed a four-headed hydra
 16770 | Gauntlet | Found a transporter.
 16773 | Gauntlet | Found a transporter.
 16774 | Gauntlet | Found a transporter.
 16782 | Gauntlet | Found a transporter.
 16783 | Gauntlet | Noticed a large abomination
 16785 | Gauntlet | Found a transporter.
 16786 | Gauntlet | Found a transporter.
 16788 | Gauntlet | Noticed a quicksilver ooze
 16795 | Gauntlet | Found a transporter.
 17259 | Lair:1   | Learned a level 2 spell: Poisonous Vapours
 18271 | Lair:2   | Reached skill level 1 in Air Magic
 18271 | Lair:2   | Reached skill level 1 in Poison Magic
 18830 | Lair:2   | Found a staircase to the Swamp.
 20853 | Lair:2   | Reached skill level 13 in Unarmed Combat
 21669 | Lair:2   | Noticed a catoblepas
 22068 | Lair:2   | Reached skill level 1 in Stealth
 24294 | Lair:2   | Killed a catoblepas
 25282 | Lair:3   | Found a hole to the Spider Nest.
 25292 | Lair:3   | Reached skill level 5 in Hexes
 25370 | Lair:3   | Succumbed to a black mamba's poison

Illustrated notes

Levels and vault maps discovered:
D:1:      co_arrival_square_in_a_square_in_a_square, layout_loops_ring
D:2:      layout_loops_ring, serial_park_tiny_1, uniq_robin
D:3:      layout_rooms, gammafunk_ghost_cemetery, kennysheep_generic_room_14
D:4:      layout_loops_corners, uniq_ijyb, uniq_blork_the_orc
D:5:      layout_cave_pods, uniq_sigmund, uniq_crazy_yiuf_cottage,
          uniq_prince_ribbit1
D:6:      layout_layer_cave, minmay_temple_entry_offerings, dk_noncrumbling_4,
          chequers_serial_rivers_small_a
D:7:      layout_basic, nicolae_uskayaw_en_pointe, chequers_serial_rivers_marsh,
          lemuel_flame_loot_1, uniq_pikel
D:8:      gammafunk_wand_slinger, layout_layer_cave, hangedman_decor_lopped,
          minivault_22, uniq_maurice
D:9:      layout_irregular_city
D:10:     layout_small_grid, lair_entry_dummy, orc_0_dummy, enter_bailey_6
Temple:   mainiacjoe_temple_starburst
Lair:1:   layout_regular_city, basic_altar, gauntlet_entry_generic,
          gammafunk_lair_bear_cave, serial_bayou_shore_a
Lair:2:   layout_regular_city, minmay_swamp_entry_eels,
          hangedman_lair_generics_rect
Lair:3:   layout_big_grid, spider_nest_entry_a

Skill      XL: |  1  2  3  4  5  6  7  8  9 10 11 |
---------------+----------------------------------+-----
Fighting       | 2 3 4 5 6 |  6.0
Unarmed Combat | 3 4 5 6 8 9 11 12 13 | 13.6
Evocations     | 1 3 5 6 7 |  7.0
Dodging        | 3 |  3.0
Armour         | 2 3 |  3.0
Spellcasting   | 2 3 |  3.3
Hexes          | 2 5 |  5.0
Air Magic      | 3 |  3.5
Poison Magic   | 3 |  3.5
Stealth        | 1 |  1.1
Throwing       | |  1.7

Action                   |  1- 3 |  4- 6 |  7- 9 | 10-12 || total
-------------------------+-------+-------+-------+-------++-------
Melee: Unarmed           |    56 |    44 |   436 |   579 ||  1115
       Short sword       |    98 |   132 |       |       ||   230
       Punch             |     4 |     7 |    30 |    54 ||    95
Throw: Dart              |       |       |     5 |    29 ||    34
 Cast: Poisonous Vapours |       |       |       |    73 ||    73
       Confusing Touch   |       |       |       |     8 ||     8
Evoke: Wand              |       |     2 |     9 |    10 ||    21
  Use: Scroll            |    10 |     1 |     7 |    10 ||    28
       Potion            |     1 |       |     1 |       ||     2
 Stab: Sleeping          |     2 |       |     2 |     2 ||     6
       Confused          |       |       |       |     8 ||     8
Armor: Leather armour    |    70 |    55 |    12 |       ||   137
       Ring mail         |       |       |   133 |   188 ||   321
       Robe              |       |       |       |    57 ||    57
Dodge: Dodged            |   115 |   124 |   264 |   414 ||   917
